 Dungeon Crawl Stone Soup version 0.22-a0-274-gf8199ec (webtiles) character file.

3757 StormFighter the Fighter (level 9, -3/82 HPs)
             Began as a Mummy Chaos Knight on Mar 14, 2018.
             Was a Believer of Lugonu.
             Slain by an orc warrior
             ... wielding a +0 morningstar
              (7 damage)
             ... on level 7 of the Dungeon.
             The game lasted 00:33:24 (87034 turns).

StormFighter the Fighter (Mummy Chaos Knight)      Turns: 87034, Time: 00:33:25

Health: -3/82      AC: 18    Str: 22      XL:     9   Next: 94%
Magic:  18/18      EV: 12    Int: 16      God:    Lugonu [**....]
Gold:   1268       SH:  0    Dex: 22 (23) Spells: 8/8 levels left

rFire    x . .     SeeInvis .   z - +1 whip (elec)
rCold    + . .     Gourm    .   (no shield)
rNeg     + + +     Faith    .   f - +0 plate armour
rPois    ∞         Spirit   .   u - +2 hat {Int+3}
rElec    .         Reflect  .   (no cloak)
rCorr    .         Harm     .   w - +3 pair of gloves "Dohufe" {Dex+9 Slay+2}
MR       .....                  (no boots)
Stlth    ..........             (no amulet)
HPRegen  0.23/turn              m - +3 ring of evasion
MPRegen  0.16/turn              r - ring of Ozumer {MR- MP+9 Str+5 Dex+3}

@: no status effects
A: no food or potions, fire vulnerability, cold resistance 1, negative energy
resistance 3, torment resistance, unbreathing
a: Depart the Abyss, Bend Space, Renounce Religion


You were on level 7 of the Dungeon.
You worshipped Lugonu.
Lugonu was pleased with you.
You were not hungry.

You visited 2 branches of the dungeon, and saw 8 of its levels.
You visited the Abyss 1 time.
You also visited: Ossuary.

You collected 1268 gold pieces.

Inventory:

Hand Weapons
 a - a +3 whip of venom
 b - a +1 shortbow of velocity
 i - a +0 hand axe of chaos
 z - a +1 whip of electrocution (weapon)
Missiles
 c - 261 arrows
Armour
 f - a +0 plate armour (worn)
 o - the +1 robe of Heuxtil {+Blink rElec rF+ Str-4}
   (You found it on level 5 of the Dungeon)

   It affects your strength (-4).
   It protects you from fire.
   It insulates you from electricity.
   It lets you blink.
 s - a +2 leather armour
 u - a +2 hat of intelligence (worn)
 w - the +3 pair of gloves "Dohufe" (worn) {Dex+9 Slay+2}
   (Xom gifted it to you in the Ecumenical Temple)

   It affects your dexterity (+9).
   It affects your accuracy and damage with ranged weapons and melee attacks
   (+2).
Jewellery
 e - an uncursed ring of stealth
 g - an uncursed ring of protection from magic
 m - a +3 ring of evasion (left hand)
 n - a +3 ring of intelligence
 r - the ring of Ozumer (right hand) {MR- MP+9 Str+5 Dex+3}
   (Xom gifted it to you on level 5 of the Dungeon)

   [ring of magical power]

   It affects your strength (+5).
   It affects your dexterity (+3).
   It affects your resistance to hostile enchantments.
   It affects your magic capacity (+9).
 x - a cursed ring of teleportation {unknown}
 A - an uncursed ring of see invisible {unknown}
 D - an uncursed ring of resist corrosion {unknown}
Wands
 y - a wand of acid (11)
Scrolls
 d - 3 scrolls of remove curse {unknown}
 h - 4 scrolls of identify
 j - a scroll of enchant weapon
 k - 3 scrolls of blinking {unknown}
 l - a scroll of random uselessness {unknown}
 p - 3 scrolls of teleportation
 q - a scroll of amnesia
 t - a scroll of noise {unknown}
 v - a scroll of torment
 B - a scroll of brand weapon {unknown}
 C - a scroll of magic mapping {unknown}


   Skills:
 * Level 12.0 Fighting
 + Level 3.2 Axes
 - Level 4.5 Armour
 + Level 4.4 Dodging


You had 8 spell levels left.
You didn't know any spells.

Dungeon Overview and Level Annotations

Branches:
Dungeon (7/15)             Temple (1/1) D:6

Altars:
Ashenzari
Cheibriados
Dithmenos
Fedhas
Gozag
Hepliaklqana
Kikubaaqudgha
Nemelex Xobeh
Okawaru
Qazlal
Ru
Sif Muna
Trog
Uskayaw
Wu Jian
Xom
Yredelemnul
Zin
The Shining One


Innate Abilities, Weirdness & Mutations

You do not eat or drink.
Your flesh is vulnerable to fire.
You are immune to poison.
Your flesh is cold resistant. (rC+)
You are immune to negative energy. (rN+++)
You are immune to unholy pain and torment.
You can survive without breathing.


Message History

The orc warrior closely misses you.
You closely miss the orc warrior.
The orc warrior is heavily wounded.
You closely miss the orc warrior.
The orc warrior is heavily wounded.
The orc warrior hits you with a morningstar!
You are too injured to fight recklessly!
You are too injured to fight recklessly!
You hit the orc warrior but do no damage.
The orc warrior is heavily wounded.
The orc warrior hits you with a morningstar!!
* * * LOW HITPOINT WARNING * * *
You hit the orc warrior.
The orc warrior is heavily wounded.
The orc warrior hits you with a morningstar!
* * * LOW HITPOINT WARNING * * *
You hit the orc warrior.
The orc warrior is severely wounded.
The orc warrior hits you with a morningstar!
You die...

....# #.#.# #.##.### #.
....###.#.# #.....p# #.
..........########.## #.
...#####............## #.
...#...#.#########(..# ##
...#...'.##### #.(...#####
##.#...#.....###.........#
#.#####..%..'..o...####.###
#...........###@#..# #....# ####
#.[.........#......# #....# #.#.
#...........#.#.#.## #....###'#'
#...........#.#.#.####......#...
#...........#.#.#....)......#'#'
#...........#.#.######......#_#.
#...........#.#.# #......####
#############.#.######......#
#.#.............#


You could see an orc warrior and a neutral freed slave (wandering).

Vanquished Creatures
  Pikel (D:7)
  Joseph (D:7)
  Menkaure (D:7)
  A black bear (D:7)
  A phantom (D:7)
  An ice beast (D:6)
  3 ogres
  A wolf (D:4)
  8 centaurs
  A big kobold (D:4)
  2 bullfrogs
  A jelly (D:4)
  3 scorpions
  5 howler monkeys (D:7)
  4 crimson imps
  A bullfrog zombie (D:5)
  A centaur skeleton (D:5)
  2 human zombies (D:7)
  2 orc priests (D:4)
  5 worker ants
  Terence (D:3)
  2 human skeletons (D:7)
  An iguana (D:6)
  A killer bee zombie (D:7)
  A big kobold zombie (Ossuary)
  The ghost of p0werm0de the Caller, a weakling DsSu (D:4)
  A hound zombie (D:6)
  2 hound skeletons
  5 mummies
  Robin (D:3)
  6 gnolls
  11 adders
  A shadow imp (D:7)
  3 oozes
  6 adder zombies (Ossuary)
  2 worms
  A dart slug (D:3)
  5 leopard geckos
  13 orcs
  A ball python (D:7)
  7 bats
  7 giant cockroaches
  A gnoll zombie (Ossuary)
  16 goblins
  6 hobgoblins
  2 jackals (D:1)
  10 kobolds
  2 quokkas
  7 frilled lizards
  A goblin zombie (Ossuary)
  3 hobgoblin zombies (Ossuary)
  2 kobold zombies (Ossuary)
  2 quokka zombies
  7 rats
  3 rat zombies (Ossuary)
186 creatures vanquished.

Vanquished Creatures (collateral kills)
  A water moccasin skeleton (D:6)
1 creature vanquished.

Vanquished Creatures (others)
  A slave (D:7)
  A human zombie (D:7)
  A hound (D:7)
  A mummy (D:7)
  An orc (D:3)
5 creatures vanquished.

Grand Total: 192 creatures vanquished

Notes
Turn   | Place    | Note
-------+----------+-------------------------------------------
     0 | D:1      | StormFighter the Mummy Chaos Knight began the quest for the Orb.
     0 | D:1      | Reached XP level 1. HP: 18/18 MP: 1/1
    10 | D:1      | XOM: divination: magic mapping
    21 | D:1      | Reached XP level 2. HP: 20/24 MP: 2/2
   183 | D:1      | XOM: silly message
   353 | D:1      | XOM: mild Hex miscast
   564 | D:1      | XOM is BORED!
   564 | D:1      | XOM: summons 1 hostile demon
   565 | D:1      | Noticed a crimson imp
   621 | D:1      | XOM: 9-stop teleportation journey
   626 | D:1      | XOM: harmless Air miscast
   647 | D:1      | Reached skill level 4 in Fighting
   933 | D:1      | Reached XP level 3. HP: 24/30 MP: 3/3
  1337 | D:2      | XOM: butterfly on damage
  1726 | D:2      | XOM: 2-stop teleportation journey
  1826 | D:2      | Found a deep blue altar of Sif Muna.
  1826 | D:2      | Found a shimmering altar of Xom.
  2035 | D:3      | XOM: stat loss: -1 Str (15/16)
  2178 | D:3      | Noticed Terence
  2182 | D:3      | XOM: chaos upgrade
  2189 | D:3      | Reached skill level 5 in Fighting
  2189 | D:3      | Reached XP level 4. HP: 39/39 MP: 4/4
  2207 | D:3      | XOM: harmless Tmut miscast
  2209 | D:3      | XOM: harmless Ice miscast
  2212 | D:3      | XOM: potion effect (curing)
  2229 | D:3      | Killed Terence
  2251 | D:3      | Reached XP level 5. HP: 16/46 MP: 5/5
  2545 | D:3      | XOM: harmless Chrm miscast
  2548 | D:3      | XOM: divination: magic mapping
  2566 | D:3      | Reached skill level 6 in Fighting
  2577 | D:3      | Noticed Robin
  2588 | D:3      | Killed Robin
  2617 | D:3      | XOM: silly message
  3007 | D:3      | XOM: mild Conj miscast
  3077 | D:4      | XOM: silly message
  3164 | D:4      | XOM: divination: detect items
  3168 | D:4      | XOM: confuse monster(s)
  3273 | D:4      | Found an iron altar of Okawaru.
  3279 | D:4      | Noticed p0werm0de's ghost (weakling DsSu)
  3317 | D:4      | Reached XP level 6. HP: 46/53 MP: 6/6
  3328 | D:4      | Killed p0werm0de's ghost
  3423 | D:4      | XOM: harmless Fire miscast
  3479 | D:4      | Reached skill level 7 in Fighting
  3606 | D:4      | XOM: god gift: scroll labeled UTSINIMOSKI {god gift}
  3614 | D:4      | XOM: harmless Ice miscast
  3770 | D:5      | Entered Level 5 of the Dungeon
  3770 | D:5      | Noticed a water moccasin
  3830 | D:4      | XOM: divination: magic mapping
  3835 | D:4      | Reached XP level 7. HP: 28/60 MP: 7/7
  3881 | D:4      | XOM: divination: detect creatures
  4033 | D:5      | XOM: noise
  4054 | D:5      | XOM: snakes to sticks
  4184 | D:5      | Got a distressingly furry robe
  4200 | D:5      | XOM: summons 3 hostile demons
  4592 | D:5      | XOM: polymorph ogre -> wolf
  4597 | D:5      | XOM: scenery: 2 doors close
  4617 | D:4      | Reached skill level 8 in Fighting
  4773 | D:4      | XOM: mild Ice miscast
  4846 | D:5      | XOM: cast spell 'Dispersal'
  4851 | D:5      | XOM: chaos upgrade
  5140 | D:5      | XOM: medium Fire miscast
  5141 | D:5      | XOM: stat loss: -1 Str (16/17)
  5227 | D:5      | XOM: harmless Summ miscast
  5361 | D:5      | XOM: summons 3 hostile demons
  5399 | D:4      | XOM: enchant monster (good)
  5429 | D:4      | XOM: scenery: create altars
  5634 | D:5      | XOM: scenery: create altars
  5663 | D:5      | XOM: god gift: plate armour {god gift}
  5709 | D:5      | Reached XP level 8. HP: 65/70 MP: 8/8
  5744 | D:5      | XOM: god gift: smoking turquoise ring {god gift}
  5746 | D:5      | Got a smoking turquoise ring {god gift}
  5750 | D:5      | Identified the ring of Ozumer {MR- MP+9 Str+5 Dex+3} (Xom gifted it to you on level 5 of the Dungeon)
  5769 | D:5      | Reached skill level 9 in Fighting
  5788 | D:5      | XOM: scenery: create altars
  5823 | D:5      | XOM: cast spell 'Olgreb's Toxic Radiance'
  5978 | D:5      | XOM is BORED!
  5978 | D:5      | XOM: mild Necr miscast
  6094 | D:6      | XOM: harmless Fire miscast
  6257 | D:6      | Identified the +1 robe of Heuxtil {+Blink rElec rF+ Str-4} (You found it on level 5 of the Dungeon)
  6356 | D:6      | Reached skill level 1 in Dodging
  6371 | D:6      | Found an opulent altar of Gozag.
  6383 | D:6      | XOM: summons friendly quasit
  6394 | D:6      | Reached skill level 10 in Fighting
  6454 | D:6      | Found a staircase to the Ecumenical Temple.
  6460 | Temple   | Entered the Ecumenical Temple
  6486 | D:6      | XOM: 3-stop teleportation journey
  6559 | D:6      | XOM is BORED!
  6559 | D:6      | XOM: confusion (+ monsters)
  7967 | Temple   | XOM is BORED!
  7967 | Temple   | XOM: summons 4 hostile demons
  8587 | Temple   | XOM: 1-stop teleportation journey
  8958 | Temple   | XOM: scenery: 1 doors open
  9125 | Temple   | XOM: scenery: 1 doors close
  9426 | Temple   | XOM: summons 1 hostile demon
  9659 | Temple   | XOM: 2-stop teleportation journey
  9725 | Temple   | XOM: cloud trail
 10090 | Temple   | XOM: mild Hex miscast
 11570 | Temple   | XOM: harmless Erth miscast
 12308 | Temple   | XOM: medium Erth miscast
 12512 | Temple   | XOM is BORED!
 12512 | Temple   | XOM: 3-stop teleportation journey
 12695 | Temple   | XOM: scenery: 4 doors open
 12746 | Temple   | XOM: god gift: ration
 13349 | Temple   | XOM is BORED!
 13349 | Temple   | XOM: summons 4 hostile demons
 13441 | D:6      | XOM: god gift: 11 arrows
 13834 | Temple   | XOM: mild Fire miscast
 14767 | Temple   | XOM: god gift: throwing net
 15140 | Temple   | XOM: god gift: scroll labeled BYIMNO JETAI {god gift}
 15142 | Temple   | XOM: summons 4 hostile demons
 15143 | Temple   | Noticed a hellwing
 15172 | D:6      | XOM: harmless Tloc miscast
 15759 | Temple   | XOM: god gift: scroll labeled XYTHUENOKET {god gift}
 15988 | Temple   | XOM: 1-stop teleportation journey
 16620 | Temple   | XOM: summons 1 hostile demon
 17026 | Temple   | XOM: noise
 17154 | Temple   | XOM: summons 1 hostile demon
 18146 | Temple   | XOM: summons 3 hostile demons
 18147 | Temple   | Noticed a rust devil
 18709 | Temple   | XOM is BORED!
 18709 | Temple   | XOM: summons 3 hostile demons
 19117 | Temple   | XOM: summons 4 hostile demons
 19528 | Temple   | XOM: 3-stop teleportation journey
 19574 | Temple   | XOM: harmless Summ miscast
 19916 | Temple   | XOM: divination: magic mapping
 20224 | Temple   | XOM: divination: magic mapping
 20820 | Temple   | XOM: cloud trail
 21131 | Temple   | XOM: mild Chrm miscast
 21930 | Temple   | XOM is BORED!
 21930 | Temple   | XOM: noise
 22493 | Temple   | XOM is BORED!
 23251 | Temple   | XOM: medium Conj miscast
 23973 | Temple   | XOM: mild Tloc miscast
 24053 | Temple   | XOM: 8-stop teleportation journey
 24401 | Temple   | XOM: god gift: 8 tomahawks of dispersal
 24533 | Temple   | XOM: 3-stop teleportation journey
 25318 | Temple   | XOM: 1-stop teleportation journey
 25390 | Temple   | XOM: god gift: scroll labeled KEIDIO DOPSUINN {god gift}
 25572 | Temple   | XOM: 4-stop teleportation journey
 25723 | Temple   | XOM: scenery: 4 doors open
 26248 | Temple   | XOM: mild Erth miscast
 26847 | Temple   | XOM: mild Hex miscast
 28005 | Temple   | XOM: 4-stop teleportation journey
 28179 | Temple   | XOM: mild Tloc miscast
 28670 | Temple   | XOM is BORED!
 28864 | Temple   | XOM: divination: detect items
 29510 | Temple   | XOM: stat loss: -1 Int (11/12)
 29623 | Temple   | XOM: summons 4 hostile demons
 30357 | Temple   | XOM: harmless Air miscast
 30771 | Temple   | XOM: mild Erth miscast
 30904 | Temple   | XOM: severe Air miscast
 31924 | Temple   | XOM: mild Tmut miscast
 32247 | Temple   | XOM: divination: magic mapping
 33263 | Temple   | XOM is BORED!
 33263 | Temple   | XOM: mild Tloc miscast
 33673 | Temple   | XOM: summons 4 hostile demons
 34362 | Temple   | XOM: cloud trail
 34632 | Temple   | XOM: god gift: glowing hat {god gift}
 35140 | Temple   | XOM: god gift: scroll labeled XUTZONIEKU {god gift}
 35587 | Temple   | XOM is BORED!
 35767 | Temple   | XOM: stat loss: -1 Dex (13/14)
 36661 | Temple   | XOM: cloud trail
 36995 | Temple   | XOM: god gift: ration
 37849 | Temple   | XOM: scenery: 4 doors open
 37881 | Temple   | XOM: god gift: 4 silver javelins
 38312 | Temple   | XOM: mild Erth miscast
 38729 | Temple   | XOM: god gift: 6 rations
 38798 | Temple   | XOM: medium Pois miscast
 39347 | Temple   | XOM: medium Summ miscast
 39380 | D:6      | XOM is BORED!
 39380 | D:6      | XOM: noise
 39943 | Temple   | XOM: 6-stop teleportation journey
 40262 | Temple   | XOM is BORED!
 40262 | Temple   | XOM: mild Summ miscast
 40315 | D:6      | XOM: summons 4 hostile demons
 41620 | Temple   | XOM: divination: detect items
 41755 | Temple   | XOM: cloud trail
 41827 | Temple   | XOM: scenery: 4 doors open
 41893 | Temple   | XOM: scenery: 4 doors open
 42346 | Temple   | XOM: god gift: 25 gold pieces
 42532 | Temple   | XOM: god gift: viscous coppery potion {god gift}
 43554 | Temple   | XOM: scenery: 4 doors open
 44135 | Temple   | XOM: god gift: scroll of teleportation
 44207 | Temple   | XOM is BORED!
 45037 | Temple   | XOM: mild Fire miscast
 45075 | Temple   | XOM: summons 4 hostile demons
 45357 | Temple   | XOM: god gift: 9 rations
 45386 | Temple   | XOM: mild Erth miscast
 45734 | Temple   | XOM: cloud trail
 46788 | Temple   | XOM is BORED!
 47159 | Temple   | XOM: divination: detect items
 47201 | Temple   | XOM: scenery: 4 doors open
 47532 | Temple   | XOM: cloud trail
 47820 | Temple   | XOM: noise
 47823 | Temple   | XOM: scenery: 4 doors open
 48018 | Temple   | XOM: divination: detect items
 48347 | Temple   | XOM: scenery: 4 doors open
 48358 | Temple   | XOM: mild Air miscast
 48514 | Temple   | XOM: god gift: 56 gold pieces
 48887 | Temple   | XOM: scenery: 4 doors open
 48938 | Temple   | XOM: god gift: scroll of torment
 49075 | Temple   | XOM: scenery: 4 doors open
 49404 | Temple   | XOM: god gift: pitted pewter ring {god gift}
 49405 | Temple   | Got a pitted pewter ring {god gift}
 49407 | Temple   | Identified the ring of Rounevu {Fire rPois} (Xom gifted it to you in the Ecumenical Temple)
 49980 | Temple   | XOM: scenery: 4 doors open
 49985 | Temple   | XOM: cloud trail
 50051 | Temple   | XOM: scenery: 4 doors open
 50209 | Temple   | XOM: cloud trail
 50280 | Temple   | XOM is BORED!
 50280 | Temple   | XOM: mild Pois miscast
 51105 | Temple   | XOM: stat loss: -1 Int (13/15)
 51143 | Temple   | XOM: god gift: 2 needles of sleeping
 51394 | Temple   | XOM: mild Hex miscast
 51415 | Temple   | XOM: divination: magic mapping
 51900 | Temple   | XOM: god gift: 14 rations
 51978 | Temple   | XOM: mild Tmut miscast
 52122 | Temple   | XOM: harmless Necr miscast
 52175 | Temple   | XOM: harmless Hex miscast
 52714 | Temple   | XOM: scenery: 4 doors open
 52906 | Temple   | XOM: 5-stop teleportation journey
 53051 | Temple   | XOM: severe Hex miscast
 53375 | Temple   | XOM is BORED!
 53375 | Temple   | XOM: mild Tloc miscast
 53567 | Temple   | XOM: cloud trail
 53617 | Temple   | XOM: god gift: 620 gold pieces
 53708 | Temple   | XOM: god gift: 2 amethyst potions {god gift}
 54776 | Temple   | XOM: silly message
 54833 | Temple   | XOM: 3-stop teleportation journey
 54890 | Temple   | XOM: summons 4 hostile demons
 55042 | D:6      | XOM: god gift: 16 bolts
 55682 | Temple   | XOM: harmless Air miscast
 56130 | Temple   | XOM: scenery: 4 doors close
 56428 | Temple   | XOM is BORED!
 56953 | Temple   | XOM: summons 1 hostile demon
 57260 | Temple   | XOM: summons 4 hostile demons
 57328 | D:6      | XOM: summons 2 hostile shadow creatures
 57652 | Temple   | XOM: harmless Tloc miscast
 58110 | Temple   | XOM: harmless Fire miscast
 58325 | Temple   | XOM: scenery: 4 doors open
 58381 | Temple   | XOM: god gift: glaive {god gift}
 58707 | Temple   | XOM: god gift: halberd {god gift}
 58739 | Temple   | XOM: 6-stop teleportation journey
 59312 | Temple   | XOM is BORED!
 59312 | Temple   | XOM: summons 4 hostile demons
 59316 | D:6      | XOM: mild Ice miscast
 60222 | Temple   | XOM: severe Tloc miscast
 61278 | Temple   | XOM: silly message
 61725 | Temple   | XOM: harmless Tmut miscast
 62426 | Temple   | XOM: harmless Air miscast
 63109 | Temple   | XOM is BORED!
 63109 | Temple   | XOM: medium Air miscast
 63140 | Temple   | XOM: silly message
 63242 | Temple   | XOM: silly message
 63354 | Temple   | XOM: scenery: 4 doors close
 63611 | Temple   | XOM: harmless Pois miscast
 64080 | Temple   | XOM: divination: detect items
 64435 | Temple   | XOM: silly message
 64855 | Temple   | XOM: noise
 65839 | Temple   | XOM is BORED!
 66015 | Temple   | XOM: god gift: 45 gold pieces
 66188 | Temple   | XOM: scenery: 4 doors open
 66940 | Temple   | XOM: summons 4 hostile demons
 67131 | D:6      | XOM: mild Necr miscast
 67831 | Temple   | XOM: harmless Hex miscast
 68526 | Temple   | XOM: mild Conj miscast
 68747 | Temple   | XOM: harmless Summ miscast
 68960 | Temple   | XOM: 6-stop teleportation journey
 69041 | Temple   | XOM: scenery: 4 doors close
 69370 | Temple   | XOM: scenery: 4 doors open
 69589 | Temple   | XOM: god gift: 20 rations
 69613 | Temple   | XOM: stat loss: -1 Dex (10/14)
 69614 | Temple   | XOM: scenery: 4 doors close
 70465 | Temple   | XOM: scenery: 4 doors open
 70537 | Temple   | XOM: cloud trail
 70796 | Temple   | XOM: scenery: 4 doors close
 70843 | Temple   | XOM: scenery: 4 doors open
 71489 | Temple   | XOM is BORED!
 71489 | Temple   | XOM: medium Pois miscast
 72047 | Temple   | XOM: divination: detect creatures
 72458 | Temple   | XOM: medium Ice miscast
 72780 | Temple   | XOM: god gift: pair of ichor-stained gloves {god gift}
 72781 | Temple   | Got a pair of ichor-stained gloves {god gift}
 72787 | Temple   | Identified the +3 pair of gloves "Dohufe" {Dex+9 Slay+2} (Xom gifted it to you in the Ecumenical Temple)
 73541 | Temple   | XOM: god gift: 43 gold pieces
 73884 | Temple   | XOM: divination: magic mapping
 73898 | Temple   | XOM: mild Fire miscast
 74314 | Temple   | XOM: divination: magic mapping
 74828 | Temple   | XOM is BORED!
 74828 | Temple   | XOM: noise
 74981 | Temple   | XOM: harmless Necr miscast
 75092 | Temple   | XOM: scenery: 4 doors close
 75753 | Temple   | XOM is BORED!
 76083 | Temple   | XOM: mild Erth miscast
 76172 | Temple   | XOM: medium Pois miscast
 77134 | Temple   | XOM: scenery: 4 doors open
 77310 | Temple   | XOM is BORED!
 77310 | Temple   | XOM: medium Tmut miscast
 77461 | Temple   | XOM: god gift: ration
 77639 | Temple   | XOM: cloud trail
 78705 | Temple   | XOM: medium Summ miscast
 79422 | Temple   | XOM: god gift: scroll labeled KIRHUS ZYRON {god gift}
 80153 | Temple   | XOM: summons 4 hostile demons
 80154 | Temple   | Noticed a smoke demon
 80418 | Temple   | XOM: noise
 80578 | Temple   | XOM: noise
 81261 | Temple   | XOM: mild Necr miscast
 81381 | Temple   | XOM: mild Tmut miscast
 81929 | Temple   | XOM: summons 4 hostile demons
 82248 | D:6      | XOM: mild Tloc miscast
 82644 | Temple   | XOM: medium Fire miscast
 83138 | Temple   | XOM: stat loss: -1 Int (12/15)
 83333 | Temple   | XOM: severe Tmut miscast
 83763 | Temple   | XOM: medium Conj miscast
 84045 | Temple   | XOM: mild Summ miscast
 84558 | Temple   | XOM: harmless Ice miscast
 85056 | Temple   | XOM is BORED!
 85682 | Temple   | XOM: harmless Tloc miscast
 85781 | Temple   | XOM: severe Summ miscast
 85781 | Temple   | Cast into level 1 of the Abyss (the severe capriciousness of Xom)
 85791 | Abyss:1  | Found a corrupted altar of Lugonu.
 85804 | Abyss:1  | Fell from the grace of Xom
 85804 | Abyss:1  | Became a worshipper of Lugonu the Unformed
 85804 | Abyss:1  | Reached * piety under Lugonu
 85805 | Temple   | Escaped the Abyss
 85872 | D:7      | Reached XP level 9. HP: 61/79 MP: 9/9
 85943 | D:7      | Found a basalt altar of Yredelemnul.
 86065 | D:7      | Noticed Pikel
 86079 | D:7      | Killed Pikel
 86079 | D:7      | Reached skill level 11 in Fighting
 86097 | D:7      | Noticed Menkaure
 86107 | D:7      | Killed Menkaure
 86126 | D:7      | Found a sand-covered staircase.
 86131 | Ossuary  | Entered an ossuary
 86560 | D:7      | Found a blossoming altar of Fedhas.
 86671 | D:7      | Reached ** piety under Lugonu
 86896 | D:6      | XOM: mild Hex miscast
 86945 | D:7      | Noticed Joseph
 86953 | D:7      | Killed Joseph
 86977 | D:7      | Reached skill level 12 in Fighting
 87033 | D:7      | HP: 4/82 [orc warrior/morningstar (15)]
 87034 | D:7      | Slain by an orc warrior

Vault maps used:
D:1:      onia_arrival_pyramid, serial_park_tiny_2
D:2:      gammafunk_temple_overflow_pools, grunt_ministairs_13
D:3:      uniq_robin, uniq_terence
D:4:      lemuel_crystal_altar
D:5:      minmay_diamond_boxcup, first_ration
D:6:      old_standard_altar, minmay_temple_entry_enclosed_plants
D:7:      kennysheep_orc_sif_temple, lemuel_crystal_altar,
          lemuel_mausoleum_altar_yredelemnul, enter_ossuary_2, uniq_joseph,
          uniq_menkaure, uniq_pikel
Temple:   nicolae_temple_figure_eight
Ossuary:  ossuary_minmay_chase

Skill      XL: |  1  2  3  4  5  6  7  8  9 |
---------------+----------------------------+-----
Fighting       | 4 5 6 7 8 10 12 | 12.0
Armour         | 2 3 4 |  4.5
Dodging        | 2 4 |  4.4
Axes           | 3 |  3.2

Action                   |  1- 3 |  4- 6 |  7- 9 || total
-------------------------+-------+-------+-------++-------
Melee: Hand axe          |   156 |   180 |     7 ||   343
       Whip              |       |    95 |   477 ||   572
 Fire: Shortbow          |       |       |     3 ||     3
Invok: Depart the Abyss  |       |       |     1 ||     1
  Use: Scroll            |       |       |     6 ||     6
 Stab: Paralysed         |     1 |       |       ||     1
       Confused          |       |     2 |     1 ||     3
Armor: Leather armour    |    57 |       |       ||    57
       Plate armour      |    11 |   212 |   309 ||   532
Dodge: Dodged            |    80 |    60 |   283 ||   423

Table legend:
 A = Spawn XP
 B = Non-spawn XP
 C = Spawn XP percentage of total XP
 D = Spawn monster count
 E = Non-spawn monster count
 F = Spawn count percentage of total count
 G = Total turns spent on level
                    A         B        C        D         E        F      G
               +---------+---------+-------+---------+---------+-------+---------
         Total |       0 |    5368 |   0.0 |       0 |     188 |   0.0 | 87034
               +---------+---------+-------+---------+---------+-------+---------
           D:1 |       0 |      42 |   0.0 |       0 |      25 |   0.0 |  1227
           D:2 |       0 |      46 |   0.0 |       0 |      16 |   0.0 |   776
           D:3 |       0 |     209 |   0.0 |       0 |      44 |   0.0 |  1140
           D:4 |       0 |     672 |   0.0 |       0 |      18 |   0.0 |  1531
           D:5 |       0 |     791 |   0.0 |       0 |      20 |   0.0 |  1400
           D:6 |       0 |     900 |   0.0 |       0 |      15 |   0.0 |  5161
           D:7 |       0 |    2581 |   0.0 |       0 |      29 |   0.0 |   665
       Ossuary |       0 |     127 |   0.0 |       0 |      21 |   0.0 |   261
               +---------+---------+-------+---------+---------+-------+---------
